 Dungeon Crawl Stone Soup version 0.31-a0-325-g067879e3d3 (webtiles) character file.

Game seed: 15062020994989518551

644 Dylgear the Chopper (level 7, -13/55 HPs)
             Began as a Formicid Fighter on July 18, 2023.
             Was an Initiate of Wu Jian.
             Killed from afar by a steam dragon (23 damage)
             ... with a ball of steam
             ... on level 6 of the Dungeon.
             The game lasted 00:12:50 (4335 turns).

Dylgear the Chopper (Formicid Fighter)              Turns: 4335, Time: 00:12:57

Health: -13/55     AC:  8    Str: 20    XL:     7   Next: 81%
Magic:  7/7        EV: 10    Int:  8    God:    Wu Jian [......]
Gold:   276        SH:  5    Dex: 15    Spells: 6/6 levels left

rFire   . . .        a - +0 war axe
rCold   . . .        c - +0 buckler
rNeg    . . .        b - +0 scale mail
rPois   .            (helmet unavailable)
rElec   .            (no cloak)
rCorr   .            (no gloves)
SInv    +            l - +0 pair of boots
Will    .....        i - amulet of faith Stlth
                     (no ring)
HPRegen 0.29/turn    (no ring)
MPRegen 0.10/turn

%: faith
@: mighty
A: permanent stasis, dig shafts and tunnels, antennae 3, four strong arms
a: Dig, Shaft Self, Renounce Religion


You were on level 6 of the Dungeon.
You worshipped Wu Jian.
Wu Jian was noncommittal.
You visited 2 branches of the dungeon, and saw 7 of its levels.

You collected 276 gold pieces.

Inventory:

Hand Weapons
 a - a +0 war axe (weapon)
 j - a +0 mace
Missiles
 h - 3 javelins
 m - 2 boomerangs
 n - 3 silver javelins
Armour
 b - a +0 scale mail (worn)
 c - a +0 buckler (worn)
 l - a +0 pair of boots (worn)
Jewellery
 i - an amulet of faith (around neck)
 p - a ring of poison resistance
Potions
 d - a potion of might
 e - 2 potions of curing
 g - 2 potions of attraction
 k - a potion of lignification
 o - a potion of enlightenment {unknown}


   Skills:
 + Level 4.7 Fighting
 * Level 5.8 Axes
 * Level 5.0 Armour
 + Level 1.1 Dodging
 + Level 0.3 Stealth
 * Level 5.3 Shields


You had 6 spell levels left.
You didn't know any spells.
Your spell library contained the following spells:

 Spells                   Type           Power      Damage    Failure   Level
 Apportation              Tloc           0%         N/A       82%         1
 Necrotise                Necr           0%         1d4       82%         1
 Summon Small Mammal      Summ           0%         N/A       82%         1
 Cigotuvi's Dreadful Rot  Necr/Pois/Air  0%         N/A       91%         2
 Dispel Undead            Necr           0%         3d6       100%        4
 Arcjolt                  Conj/Air       0%         1d10      100%        5
 Death Channel            Necr           0%         N/A       100%        6
 Maxwell's Capacitive Co  Air            0%         ∞         100%        8
 Vhi's Electric Charge    Tloc/Air       Unusable   N/A       N/A         3

Dungeon Overview and Level Annotations

Branches:
Dungeon (6/15)             Temple (1/1) D:5

Altars:
Ashenzari
Cheibriados
Dithmenos
Fedhas
Gozag
Hepliaklqana
Kikubaaqudgha
Makhleb
Okawaru
Qazlal
Ru
Trog
Vehumet
Wu Jian
Zin
The Shining One

Shops:
D:1 !


Innate Abilities, Weirdness & Mutations

You cannot be hasted, slowed, berserked, paralysed or teleported.
You can dig through walls and to a lower floor.
You have a pair of large antennae on your head. (SInv)
Your four strong arms can wield two-handed weapons with a shield.


Message History

You hit the steam dragon but do no damage.
The steam dragon is heavily wounded.
The steam dragon barely misses you. The steam dragon claws you.
* * * LOW HITPOINT WARNING * * *
Unknown command.
You feel better.
You are no longer corroded.
The steam dragon closely misses you.
The steam dragon claws you but does no damage.
You completely miss the steam dragon.
The steam dragon is heavily wounded.
The steam dragon breathes steam at you. The ball of steam hits you!
* * * LOW HITPOINT WARNING * * *
You feel better.
You are engulfed in a cloud of scalding steam.
The steam dragon bites you.
* * * LOW HITPOINT WARNING * * *
The steam dragon claws you but does no damage.
You hit the steam dragon but do no damage.
The steam dragon is heavily wounded.
You are engulfed in a cloud of scalding steam.
* * * LOW HITPOINT WARNING * * *
You block the steam dragon's attack. The steam dragon barely misses you.
The steam dragon bites you.
* * * LOW HITPOINT WARNING * * *
The steam dragon barely misses you.
You feel better. The steam dragon breathes steam at you.
The ball of steam hits you.
* * * LOW HITPOINT WARNING * * *
The steam dragon barely misses you.
The steam dragon claws you but does no damage.
You slash the steam dragon!
The steam dragon is severely wounded.
You are engulfed in a cloud of scalding steam.
* * * LOW HITPOINT WARNING * * *
The steam dragon breathes steam at you. The ball of steam hits you!!
You die...

### ##..##
##......
#..... .>)..
##..#
#..####
###§D...#...
#<.@........
#....§......
#...§.......
##!.§.......
###....#...
#.....##.
......#
.....##


You could see a steam dragon (catching breath).

Vanquished Creatures
  Grinder (D:3)
  An ogre (D:5)
  A howler monkey (D:3)
  A hound (D:5)
  A jelly (D:6)
  Natasha (thrice) (D:3)
  An iguana (D:5)
  An orc wizard (D:4)
  Robin (D:2)
  4 adders
  5 dart slugs
  3 orcs (D:4)
  7 ball pythons
  4 endoplasms
  2 giant cockroaches (D:3)
  16 goblins
  10 hobgoblins
  4 jackals (D:3)
  6 kobolds
  5 quokkas
  5 bats
  3 frilled lizards
  5 rats (D:2)
  A spectral hobgoblin (D:4)
91 creatures vanquished.

Notes
Turn   | Place    | Note
-------+----------+-------------------------------------------
     0 | D:1      | Dylgear the Formicid Fighter began the quest for the Orb.
     0 | D:1      | Reached XP level 1. HP: 18/18 MP: 1/1
    85 | D:1      | Reached XP level 2. HP: 19/24 MP: 2/2
   154 | D:1      | Found a faded altar of an unknown god.
   154 | D:1      | Noticed an Executioner
   540 | D:1      | Found Riurept's Distillery.
   682 | D:1      | Reached XP level 3. HP: 30/30 MP: 3/3
  1014 | D:2      | Reached XP level 4. HP: 37/37 MP: 4/4
  1438 | D:3      | Noticed Robin
  1687 | D:2      | Killed Robin
  1688 | D:2      | Reached XP level 5. HP: 42/42 MP: 5/5
  1728 | D:3      | Noticed Natasha
  1760 | D:3      | Killed Natasha
  2078 | D:3      | Noticed Natasha
  2083 | D:3      | Killed Natasha
  2084 | D:3      | Reached XP level 6. HP: 40/48 MP: 6/6
  2117 | D:3      | Noticed Grinder
  2129 | D:3      | Killed Grinder
  2130 | D:3      | Reached skill level 5 in Axes
  2130 | D:3      | Reached skill level 5 in Shields
  2130 | D:3      | Reached XP level 7. HP: 47/55 MP: 7/7
  2240 | D:3      | Noticed Natasha
  2252 | D:3      | Killed Natasha
  2329 | D:3      | Identified the +0 ring mail of Gaatusch {+Inv}
  2396 | D:4      | Found an ornate altar of the Wu Jian Council.
  2400 | D:4      | Became a worshipper of the Wu Jian Council
  2420 | D:4      | Found a shadowy altar of Dithmenos.
  2658 | D:4      | Reached skill level 1 in Dodging
  2673 | D:4      | Found an opulent altar of Gozag.
  2771 | D:4      | Found an iron altar of Okawaru.
  3019 | D:4      | Found a hazy altar of Hepliaklqana.
  3105 | D:4      | Found an ancient bone altar of Kikubaaqudgha.
  3198 | D:5      | Entered Level 5 of the Dungeon
  3226 | D:5      | Found a staircase to the Ecumenical Temple.
  3231 | Temple   | Entered the Ecumenical Temple
  4152 | D:5      | Reached skill level 5 in Armour
  4313 | D:6      | Noticed a steam dragon
  4335 | D:6      | Killed from afar by a steam dragon

Illustrated notes

Levels and vault maps discovered:
D:1:      dpeg_arrival_fog, layout_loops_ring, serial_shops,
          nicolae_shop_gibbet_a_chance, dreamdust_ecumenical_altar_sealed_demon,
          minivault_11, minmay_misc_feat_nine_boxes
D:2:      layout_basic
D:3:      layout_basic, minmay_cut_off, uniq_grinder, uniq_natasha, uniq_robin
D:4:      layout_basic, kennysheep_mini_moat, nicolae_overflow_quartered_altars,
          nicolae_hepliaklqana_monster_ancestors
D:5:      layout_basic, minmay_temple_entry_ruins
D:6:      layout_cave_pools, marbit_many_paths
Temple:   zaba_magenta_temple

Skill      XL: |  1  2  3  4  5  6  7 |
---------------+----------------------+-----
Armour         | 4 5 |  5.0
Axes           | 3 4 5 |  5.8
Fighting       | 4 |  4.7
Shields        | 5 |  5.3
Dodging        | 1 |  1.1
Stealth        | |  0.3

Action                     |  1- 3 |  4- 6 |  7- 9 || total
---------------------------+-------+-------+-------++-------
  Melee: War axe           |    80 |   144 |    75 ||   299
Ability: Lunge             |       |       |     3 ||     3
    Use: Scroll            |     3 |     4 |     5 ||    12
         Potion            |       |     1 |     5 ||     6
 Armour: Scale mail        |    41 |    93 |    26 ||   160
  Dodge: Dodged            |    47 |    67 |    24 ||   138
  Block: Buckler           |    14 |    50 |    27 ||    91

Table legend: (Time is in decaauts)
 A = Elapsed time spent in this place.
 B = Non-inter-level travel time spent in this place.
 C = Inter-level travel time spent in this place.
 D = Time resting spent in this place.
 E = Time spent auto-exploring this place.
 F = Levels seen in this place.
 G = Mean time per level.
                   A        B        C        D        E       F      G
               +--------+--------+--------+--------+--------+-----+--------+
         Total |   4445 |   4352 |     93 |    574 |   2646 |   7 |  635.0 |
       Dungeon |   4277 |   4184 |     93 |    474 |   2646 |   6 |  712.8 |
        Temple |    167 |    167 |      0 |    100 |      0 |   1 |  167.0 |
               +--------+--------+--------+--------+--------+-----+--------+

Top non-repeatable levels by time:
     D:5: 949 daAuts
     D:2: 915 daAuts
     D:4: 847 daAuts
     D:1: 840 daAuts
     D:3: 699 daAuts
  Temple: 167 daAuts
     D:6: 25 daAuts
